[Event "44th Chess Olympiad Women 2022"]
[Site "Chennai"]
[Date "2022.08.03"]
[Round "6.18"]
[White "Heinatz, Gundula"]
[Black "Montiel Caceres, Helen"]
[Result "0-1"]
[WhiteElo "2196"]
[BlackElo "1763"]
[Annotator "TA"]
[PlyCount "80"]
[EventDate "2022.??.??"]
[TimeControl "60"]

1. d4 Nf6 2. Bf4 e6 3. Nd2 d5 4. Ngf3 Bd6 5. Bg5 h6 6. Bxf6 {[%emt 0:00:23] D02:1
d4 d5 2 Nf3 sidelines, including 2...Nf6 3 g3 and 2...Nf6 3 Bf4.} gxf6 7. e4 c6 8. Bd3 {[%emt 0:00:
00] White is better.} b6 9. Qe2 {[%emt 0:00:31] [#]} Bb7 $146 ({Predecessor:} 9... Nd7 10. O-O Bb7 11. c4 dxe4 12. Nxe4 Be7
13. Rad1 Qc7 14. a3 O-O-O 15. b4 Kb8 {1-0 (37) Grischuk,A (2777)-Keymer,V 
(2568) Chess.com INT 2020}) 10. a4 Nd7 11. exd5 cxd5 12. O-O Kf8 13. c4 f5 14. a5 Nf6 15.
Rfc1 Bf4 16. c5 bxc5 17. Rxc5 Ne4 18. Rc2 {
[%emt 0:01:20] a6 is the strong threat.} Qf6 {[%emt 0:01:22] [#]} (18... Rc8
$11) 19. Nf1 (19. a6 Bc8 $11) (19. Ne5 $1 $16 {Black must now
prevent Nd7+.} Bxe5 20. dxe5 Qxe5 21. Rac1) 19... a6 (19...
Rb8 $14 {is more appropriate.}) 20. g3 (20. b4 $16) 20... Rg8 21. Kh1 (21. Ra3 $5 ) 21... Bd6 22. Ne5 Bxe5 23. dxe5 Qxe5 24. f3 f4 25. g4 (25. fxe4 $2 dxe4 26. Kg1 Qd4+ 27. Qf2
e3 28. Nxe3 fxe3 $19) ({Better is} 25. Qe1 $1 $15 Rb8 26. Rg2 (26. fxe4 dxe4
27. Qb4+ Ke8 $17)) 25... h5 $1 $36 {[%emt 0:03:58][%cal Yh5g4] Strongly
threatening ...hxg4! Black is really pushing. Black is more active.} 26. Re1 (26. fxe4 $2 dxe4 27. Bxa6 Rxa6 $19) 26... hxg4 $2 27. fxe4 $11 g3 {[%emt 0:01:53] [#]} (27... Rb8 $11) 28.
Qf3 $2 {[%emt 0:01:52] White does not recover from this.} (28. hxg3 $1 $16 {
Hoping for Qd2.} fxg3 29. Kg2) 28... f5 $19 29. exf5 Qxe1 30. fxe6 g2+ ({
And not} 30... Qxe6 31. Qxf4+ Qf7 32. Qd6+ Qe7 33. Qh6+ (33. Qxe7+ $2 Kxe7 34.
Nxg3 Rac8 $19) 33... Qg7 34. Qf4+ Qf7 35. Qd6+ Qe7 36. Qh6+ (36. Qxe7+ $2 Kxe7
37. Rc7+ Kd6 $19) 36... Qg7 37. Qf4+ Qf7 $11) 31. Rxg2 Rxg2 {
[%emt 0:00:13] Dancing on a razor blade.} 32. Kxg2 (32. Qxf4+
$17 Ke7 33. Qf7+ Kd6 34. Kxg2) 32... Qb4 ({Inferior is} 32...
Qxe6 33. Qxf4+ Kg8 34. Ng3 $15) (32... Ke7 $19 {Threatens to win with ...Rg8+.}
33. Qg4 Qe5) 33. Ng3 (33. Qh5 $17 Qxb2+ 34. Kf3) 33... Qxb2+ 34. Ne2 Ke7 35. Qg4 {[%emt 0:
00:36] Inhibits Rg8.} (35. Qxf4 {only move.} Rf8 36. Qc7+ Kxe6 37. Kh3) 35...
Rf8 36. Qg5+ Rf6 {[%emt 0:00:01] And now ...
f3+ would win.} 37. Qg7+ Kxe6 38. Qg5 (38. Kf3 $19 Kd6 39. Qg8) 38... f3+ {[%emt 0:00:13] Black
mates.} 39. Kh3 fxe2 40. Qg4+ Kd6 {[%emt 0:00:08] Weighted Error Value: White=0.71/ Black=0.25 (precise)}
0-1

[Event "44th Chess Olympiad Women 2022"]
[Site "Chennai"]
[Date "2022.08.03"]
[Round "6.18"]
[White "Mayeregger Gonzalez, Renata"]
[Black "Stoeri, Laura"]
[Result "0-1"]
[WhiteElo "1479"]
[BlackElo "2084"]
[Annotator "NA RC"]
[PlyCount "56"]
[EventDate "2022.??.??"]
[TimeControl "60"]

1. e4 c5 2. Nc3 Nc6 3. g3 g6 4. Bg2 Bg7 5. d3 d6 6. Nge2 e5 7. O-O Nge7 8. Be3 Nd4 9. Qd2 O-O 10. f4 Nxe2+ 11. Qxe2 exf4 12. Bxf4 Be6 13. e5 Nf5 14. exd6 g5 15. Bd2 Nxd6 16. Qh5 h6 17. Be3 Qd7 18. Qe2 Rac8 19. Ne4 Nf5 20. Nxc5 Nd4 21. Qf2 Rxc5 22. c3 Rf5 23. Qd2 Nc6 24. d4 Rxf1+ 25. Rxf1 Bd5 26. Bxd5 Qxd5 27. b3 Re8 28. Bf2 Ne5 0-1

[Event "44th Chess Olympiad Women 2022"]
[Site "Chennai"]
[Date "2022.08.03"]
[Round "6.18"]
[White "Perez, Dalila"]
[Black "Hakimifard, Ghazal"]
[Result "0-1"]
[WhiteElo "1799"]
[BlackElo "2296"]
[Annotator "TA"]
[PlyCount "82"]
[EventDate "2022.??.??"]
[TimeControl "60"]

1. d4 Nf6 2.
Nf3 e6 3. c4 b6 4. g3 Ba6 5. b3 d5 6. cxd5 exd5 7. Bg2 Bd6 8. O-O O-O 9.
Nc3 Nbd7 10. Bg5 {[%emt 0:04:38] E15:
Queen's Indian: 4 g3 sidelines, 4 g3 Ba6 and 4 g3 Bb7 early deviations.} h6 11. Bxf6 Nxf6 12. Ne5 {
[%emt 0:08:11] The position is equal.} Bb7 {[%emt 0:00:33] [#]} 13. Rc1 $146 ({Predecessor:} 13. Nb5 Be7 14. Rc1 a6 15. Nc3 Re8 16. e3 Bd6
17. Nd3 Qe7 18. Rc2 {½-½ (73) Inarkiev,E (2664)-Bocharov,D (2577) Sochi 2015}
) 13... Qe8 14. Nf3 Rd8 15.
Qd3 a6 {[%emt 0:01:29] Inhibits Nb5.} 16. Nh4 g6 17. Rfe1 Ne4 18. Nf3 ({Better is} 18. Rf1 $15) 18... Bb4 $17 {[%emt 0:02:12] Black
is more active.} 19. Ne5 c5 {[%emt 0:05:56] aiming for ...
cxd4.} 20. Ng4 (20. e3 $17) 20... f5 (20...
Bxc3 21. Bxe4 Bxd4 22. Qxd4 cxd4 23. Nf6+ Kh8 24. Nxe8 $17) 21. Ne3 Kh7 (21... Bxc3 22. Rxc3 cxd4 23. Qxd4 Nxc3 24. Qxc3
$19) ({Don't go for} 21... Nxc3 $2 22. a3 $19) 22. Red1 cxd4 ({Weaker is} 22... Bxc3 23. Bxe4 Bxd4 24. Bf3) (22... b5 $19 {
Hoping for ...c4.} 23. Nb1 Qe7) 23. Nxe4 ({Avoid the trap} 23.
Qxd4 $2 Bc5 24. Qd3 d4 $19) 23... dxe4 24. Rc7+ Rf7 25. Rxf7+ $2 {[%emt 0:01:15] [#] White does not
recover from this.} (25. Qc4 $17 {was the only defense.} Rxc7 26. Qxc7+ Qe7 27.
Qxb6) 25... Qxf7 $19 26. Qc4 Qxc4 27. Nxc4 b5 28. Nd2 d3 29. e3 (29. Kf1 {might work better.})
29... Rc8 30. Nb1 a5 31. a3 Bf8 32. Bf1 Rc2 33. h4 Bd5 34. a4 bxa4 35. bxa4 Bb4 36. Bh3 Ba2 {[%emt 0:00:45] [#] ...Rb2 is the strong threat.} 37. g4 Rb2 38. gxf5 Rxb1 39. fxg6+ Kxg6 {[%emt 0:00:09] Black mates.} 40. Bg4 Rxd1+ 41. Bxd1 Bb1 {[%emt 0:
00:00] Weighted Error Value: White=1.00/Black=0.14 (very precise)} 0-1

[Event "44th Chess Olympiad Women 2022"]
[Site "Chennai"]
[Date "2022.08.03"]
[Round "6.19"]
[White "Barbier, Astrid"]
[Black "Blokhin, Sofia"]
[Result "0-1"]
[WhiteElo "1879"]
[BlackElo "1996"]
[Annotator "NA RC"]
[PlyCount "116"]
[EventDate "2022.??.??"]
[TimeControl "60"]

1. e4 c5 2. c3 e6 3. d4 d5 4. exd5 exd5 5. Nf3 Nf6 6. Bb5+ Nc6 7. Ne5 Bd7 8. Bxc6 Bxc6 9. Nxc6 bxc6 10. O-O cxd4 11. Qxd4 Be7 12. Qa4 Qd7 13. Nd2 O-O 14. Nf3 Bd6 15. Bf4 Qg4 16. g3 Rad8 17. Nd2 Nh5 18.
f3 Bc5+ 19. Kg2 Nxf4+ 20. Qxf4 Qxf4 21. gxf4 Be3 22. Nb3 Bxf4 23. Rae1 Bd6 24. Nd4 c5 25. Nf5 g6 26. Ne7+ Bxe7 27. Rxe7 a6 28. Rfe1 d4 29. cxd4 cxd4 30. Kf2 Rc8 31. R1e2 Rfd8 32. Rd2 Rd5 33. Ra7 a5 34. Ke2 h5 35. Kd3 g5 36. Re2 Rcd8 37. Re4 Rf5 38.
f4 gxf4 39. Re1 f3 40. Rae7 Rf4 41. Rf1 Rd6 42. Re4 Rxe4 43. Kxe4 d3 44. Rg1+ Kf8 45. Kxf3 Rc6 46. Rd1 Rc2 47. Rxd3 Rxb2 48. Rd5 Rxa2 49. Rxh5 a4 50. Ra5 a3 51. h4 Ra1 52. h5 a2 53. Kg2 Kg7 54. Ra6 f5 55.
Rg6+ Kh7 56. Ra6 f4 57. Ra3 f3+ 58. Rxf3 Rb1 0-1

[Event "44th Chess Olympiad Women 2022"]
[Site "Chennai"]
[Date "2022.08.03"]
[Round "6.19"]
[White "De Rycke, Tyani"]
[Black "Sinitsina, Anastassia"]
[Result "1-0"]
[WhiteElo "1994"]
[BlackElo "2175"]
[Annotator "TA"]
[PlyCount "97"]
[EventDate "2022.??.??"]
[TimeControl "60"]

1. e4 e5 2. Nf3 Nc6 3. Bc4 Bc5 4. d3 Nf6 5. Be3 Bxe3 6. fxe3 d5 {
[%emt 0:04:32] C50: Hungarian Defence and Giuoco Pianissimo.} 7. exd5 Nxd5 8. Qd2 O-O {[%emt 0:02:29] The
position is equal.} 9. O-O Be6 10. Nc3 {[%emt 0:12:29] [#]} h6 $146 ({Predecessor:} 10... Re8
11. Ne4 h6 12. Nc5 Bc8 13. Qf2 Nf6 14. Nh4 Na5 15. Bb3 Nxb3 16. axb3 Qe7 17.
Na4 Ng4 18. Qg3 Nxe3 19. Rf3 Nxc2 20. Raf1 Nd4 21. R3f2 Qg5 {0-1 (21) Zernovic,
F (1874)-Blazek,M (1984) Slovakia 2020}) 11. Rf2 Qd6 12. Raf1 (12. Ne4 $5 Qe7 13. d4 $14)
12... Nxc3 13. Qxc3 Rae8 14.
Nh4 (14. Bb5 $5 ) 14... Bxc4 15. Qxc4 Qe6 16. Qe4 Qxa2 17. b3 Qa3 18. Qg4 {[%emt 0:05:29] Strongly threatening Nf5.} Qb4 19. c4 (19. Qh5 $1 $11 f6 20. Rxf6 gxf6 21. Qg6+ Kh8 22. Qxh6+
Kg8 23. Qg6+ Kh8 24. Qh6+ Kg8 25. Qg6+ Kh8 26. Qh6+) 19... Qe7 (19... Ne7 $17 20. Rb1 Rd8) 20. Rf6 $11 {[%emt 0:02:21] Hoping for Rxh6.} (20.
Nf5 Qg5 21. Qxg5 hxg5 $15) 20... Kh7 $132 {[%emt 0:05:15] Black puts up
resistance} 21. Qf5+ Kg8 22. Qh5 {[%emt 0:07:
19][%cal Yf6h6] Threatens to win with Rxh6!} Kh7 {[%emt 0:04:24] [#]} (22...
gxf6 $2 23. Nf5 Kh8 24. Qxh6+ Kg8 25. Qg7#) (22... Qd8 $1 $11 {keeps the
balance.}) 23. g4 {[%emt 0:06:11] White is much more active.} Nd8 $2 {[%emt 0:
12:52] [#] White now steadily converts the win.} (23... gxf6 $2 {is a self
mate.} 24. Nf5 Kh8 25. Qxh6+ Kg8 26. Qg7#) (23... Kg8 $11) 24. g5 $1 $18 Ne6 (24... Qxf6 25. gxf6) 25. Nf5 {[%emt 0:02:
21] White wants to mate with g6+.} Qd7 {[%emt 0:02:37] [#]} 26. Nxh6 $1 g6 27. Qh4 Kg7 28. Nxf7 Rxf7 29. Rxf7+ (29. Rxg6+ $142 Kf8 30. Qh8+ Ke7 31. Rxf7+ Kd6 32. Rxd7+ Kc5
33. Qxe8 Kb4 34. Rxe6) 29... Qxf7 30. Rxf7+ Kxf7 {[%emt 0:00:05] Endgame KQ-KRN} 31. Qf2+ Kg8 32. Qf6 Nf8 33. h4 Re6 34. Qd8 Rb6 35. Qd5+ Kg7 36. Qxe5+ Kg8 37. c5 Rb4 38. d4 c6 39. d5 Rxb3 40. d6 {[%emt 0:01:05] Black must now prevent Qe8.} a5 41. Qe4 (41. Qe8 $142 Rb1+ 42. Kf2 Rd1 43. h5
Rd2+ 44. Kf3 Rd5 45. hxg6 Rf5+ 46. Ke4) 41... Rb4 42. Qe7 {
[%emt 0:00:32] White mates.} Rb1+ 43. Kf2 Rd1 44. Qxb7 a4 45. Qb4 Rd5 46. e4 Re5 47. Qxa4 Rxc5 48. Qa2+ Kg7 49. Qa7+ {[%emt 0:00:39] Weighted Error Value: White=0.30/
Black=0.95} 1-0

[Event "44th Chess Olympiad Women 2022"]
[Site "Chennai"]
[Date "2022.08.03"]
[Round "6.19"]
[White "Narva, Triin"]
[Black "Barbier, Wiebke"]
[Result "1-0"]
[WhiteElo "2066"]
[BlackElo "1970"]
[Annotator "NA RC"]
[PlyCount "63"]
[EventDate "2022.??.??"]
[TimeControl "60"]

1. e4 d6 2. d4 Nf6 3. Nc3 e5 4. Nf3 exd4 5. Nxd4 Be7 6. h3 O-O 7. Be3 c6 8. Qf3 d5 9. exd5 cxd5 10. g4 Bb4 11. Bd3 Nc6 12. O-O Re8 13.
Rad1 a6 14. Nce2 Ne5 15. Qg2 Qc7 16. c3 Bf8 17. Bb1 Nc4 18.
Bc1 Be6 19. Ng3 Bd6 20. f4 Bd7 21. g5 Ne4 22. Nxe4 dxe4 23. Bxe4 Bxh3 24. Bxh7+ Kxh7 25. Qxh3+ Kg8 26. Rf2 Qc8 27. Qh4 Ne3 28. Bxe3 Rxe3 29. Rh2 Kf8 30. Qh8+ Ke7 31. Qxc8 Rxc8 32. Nf5+ 1-0

[Event "44th Chess Olympiad Women 2022"]
[Site "Chennai"]
[Date "2022.08.03"]
[Round "6.19"]
[White "Olde, Margareth"]
[Black "Vanduyfhuys, Daria"]
[Result "1-0"]
[WhiteElo "2235"]
[BlackElo "2094"]
[Annotator "TA"]
[PlyCount "147"]
[EventDate "2022.??.??"]
[TimeControl "60"]

1. d4 Nf6 2. Nf3 e6 3. c4 d5 4. g3 dxc4 5. Bg2 Nc6 6. Qa4 Bb4+ 7. Bd2 Nd5 8.
Bxb4 Ndxb4 9. O-O Rb8 10. Nc3 a6 11. Ne5 {[%emt 0:
00:00] Threatening a3.} O-O {[%emt 0:02:31] E04: Open Catalan: 5 Nf3.} 12. Nxc6 (12. Bxc6 {with more complications.} Nxc6 13. Nxc6 bxc6 14.
Qxc4 Rxb2 15. Rab1) 12... Nxc6 13. Bxc6 bxc6
{[%emt 0:00:04] The position is equal.} 14. Qxc4 Rxb2 15. Rfb1 Rb6 16. Qc5 {
[%emt 0:01:23] [#]} Re8 $146 ({Predecessor:} 16... h6 17. a4
Re8 18. a5 Rxb1+ 19. Rxb1 Qd7 20. Rb4 f6 21. f3 e5 22. d5 cxd5 23. Nxd5 {
½-½ (38) Hasangatin,R (2512)-Frolyanov,D (2550) Sochi 2016}) 17. a4 e5 18. dxe5 f6 $2 (
18... Qe7 $11 {and Black has nothing to worry.} 19. Qxe7 Rxe7) 19. Rd1 $1 $18 Bd7 20. Qd4 Re7 21. e6 $2 (21. Qc4+ $18 {is the precise move to win.} Kh8
22. e6) 21... c5 $16 22. Qc4 {[%emt 0:19:55] White is more
active.} Rbxe6 23. Ne4 (23. Rd5 $16) 23...
Kh8 $14 24. Nxc5 Rc6 25. Qb4 Rb6 (25... h6 $1 $14) 26. Qa3 h6 27. a5 (27. Rd4 $16) 27... Rd6 {[%emt 0:
07:46] Against Qd3} 28. Rxd6 cxd6 29. Nxd7 (29. Nxa6 $16 Bb5 30. Nb4) 29... Qxd7 {[%emt 0:00:00] Endgame
KQR-KQR} 30. e3 (30. Qd3 $5 ) 30... Re5 31. Rd1 Qf5 32. Qxd6 Rxa5 33. e4 Qb5 34. Rc1 Kh7 35. Qc6 Qb4 36. Qc4 Qb7 37. Qc6 Qb8 38. Qc7 Qb5 39. Qc2 Qe5 40. Qc3 Qb5 41. Qc2 {[%emt 0:04:12] Threatens to win with e5+.} Qe5 42. f4 Qd4+ 43. Kg2 Qa4 44. Qd3 {[%emt 0:03:32] White wants to mate with
e5+.} Qb5 45. Qxb5 Rxb5 $11 {[%emt 0:01:07]
KR-KR} 46. Rc6 a5 47. Ra6 Rb2+ 48. Kf3 Rb3+ 49. Kg4 Rb5 50. f5 Re5 51. Kf4 h5 52. h3 Rb5 53. g4 hxg4 54. hxg4 g5+ 55. Ke3 Kg7 56. Ra7+ Kf8 57. Kd4 Re5 58. Rc7 Ke8 59. Rg7 {
[%emt 0:01:54][%cal Yg7g5] Hoping for Rxg5!} Kf8 $2 {[%emt 0:00:00] [#]} (59...
Rb5 $11) 60. Rxg5 $3 $18 a4 (60... Re7 61.
Rg6) 61. Rg6 $1 Ra5 62. Rxf6+ Kg7 63. Rg6+ Kf7 64. Rb6 a3 {[%emt 0:00:00][%cal Ya4a3,Ya3a2] [#]} 65. Rb7+ $2 ({Only move:} 65. Rb1 $1 $18 a2 66. Ra1) 65... Kf6 $1 $11 66. e5+ Kg5 {[%emt 0:00:09] ( -> ...a2)} 67. Rb1 {
[%emt 0:00:14] e6 is the strong threat.} ({Avoid the trap} 67. Rg7+ $2 Kf4 68.
Rh7 a2 $19) 67... a2 68. Ra1 {[%emt 0:00:03] aiming for e6.}
Kxg4 $2 (68... Ra4+ $11 {and Black stays safe.} 69. Kd5 Ra5+
70. Kd6 Ra6+ 71. Kc7 Kxg4) 69. f6 $18 {[%emt 0:01:00][%cal Yf5f6,Yf6f7]
Threatening mate with f7.} Kf5 70. f7 {[%emt 0:02:04] White
mates.} ({Inferior is} 70. Rf1+ Ke6 71. f7 Ra8 $11) 70... Ra8 {[%emt 0:00:06] 
[#]} 71. Rxa2 $3 Rd8+ 72. Kc5 Kxe5 {[%emt 0:00:15] [#]} 73. Re2+ $1 Kf6 74. Re8 {[%emt 0:00:05] Weighted Error Value: White=0.17 (very precise) /
Black=0.39} 1-0

[Event "44th Chess Olympiad Women 2022"]
[Site "Chennai"]
[Date "2022.08.03"]
[Round "6.20"]
[White "Otazo Sanchez, Annyd Gabriela"]
[Black "Krush, Irina"]
[Result "0-1"]
[WhiteElo "1932"]
[BlackElo "2430"]
[Annotator "TA"]
[PlyCount "64"]
[EventDate "2022.??.??"]
[TimeControl "60"]

1. e4 c5 2. c3 d5 3. exd5 Qxd5 4. d4 Nf6 5. Nf3 e6 6. Be2 Nc6 7. O-O Be7 8. Be3 cxd4 9. cxd4 O-O 10. Nc3 Qd8 11. h3 Nb4 {[%emt 0:01:48] B22: Sicilian: 2
c3.} 12. Qb3 b6 13. Ne5 Bb7
{[%emt 0:00:15] The position is equal.} 14. Rac1 Rc8 15. Rfd1 Nbd5 {[%emt 0:01:12] [#]} 16. Qa4 $146 ({Predecessor:} 16. Bf3 Nxc3 17. Rxc3 Bxf3 18. Nxf3 Nd5 19.
Rxc8 Qxc8 20. Rc1 Qb7 21. Qc4 Bf6 22. Bg5 Bxg5 23. Nxg5 {0-1 (61) Tan,J (1555)
-Pham,P Chiangmai 2013}) 16... a6 17. Nxd5 Nxd5 ({But not} 17... Qxd5 18. Bf3 Ne4 19. Qd7 Rxc1 20. Rxc1
$14) 18. Rxc8 Qxc8 19. Rc1 Qa8 20. Bf3 b5 21. Qb3 Rd8 22. Nd3 (22. Qc2 {
seems wilder.} Rc8 23. Qe4 f5 24. Qb1) 22... Nxe3 23. Bxb7 Qxb7 {[%emt 0:00:07][%csl Ge3][%cal Rb7g2] [#]} 24. fxe3 Bg5 25. Nc5 Qc6 26. Rc3 h5 {[%emt 0:01:07][%cal Ye6e5] White must now
prevent ...e5!} 27. Qa3 (27. Kf1 $15) 27... e5 (27... a5 $17 {And now ...b4 would win.} 28. Qxa5 Ra8) 28. Qxa6 $15 Qd5 29. Nb3 {[%emt 0:09:15] [#] Loses the game.} ({
Don't go for} 29. Qxb5 $2 exd4 30. Rc2 Bxe3+ 31. Kh1 Rc8 $19) ({Only move:} 29.
Qb7 $1 $15) 29... Qe4 $19 30. Qb6 (30. Kf2 b4 31. Rd3) 30... exd4 31. Nc5 Qb1+ 32. Kh2 dxc3 {[%emt 0:
00:11] Weighted Error Value: White=0.78/Black=0.09 (flawless)} 0-1

[Event "44th Chess Olympiad Women 2022"]
[Site "Chennai"]
[Date "2022.08.03"]
[Round "6.20"]
[White "Perez Hernandez, Vicmary C."]
[Black "Zatonskih, Anna"]
[Result "0-1"]
[WhiteElo "1862"]
[BlackElo "2383"]
[Annotator "TA"]
[PlyCount "60"]
[EventDate "2022.??.??"]
[TimeControl "60"]

1. e4 e6 2. d4 d5 3. e5 c5 4. c3 Nc6 5. Nf3 Bd7 6. a3 c4 7. Nbd2 {[%emt 0:00:43] 7.g3 is not played anymore.} Na5 8.
Rb1 {[%emt 0:00:52] C02: French: Advance Variation.} Ne7 {[%emt 0:02:06] was
the old line (8...Qc7).} 9. b3 cxb3 10. c4 (10. Nxb3 $15 Ba4 11. Nfd2) 10... Ba4 $17 11.
Bb2 {[%emt 0:07:10] [#]} dxc4 $146 ({Predecessor:} 11... Nec6
12. Bd3 Be7 13. O-O dxc4 14. Nxc4 Nxc4 15. Bxc4 Na5 16. Bd3 O-O 17. Qe2 Bc6 {
1-0 (62) Romero Echeverria,A (2054)-Heredia Serrano,C (2095) Asuncion 2010})
12. Nxc4 {[%emt 0:00:54] [#] aiming for Nd6+.} Nd5 13. Qd2 Nxc4 14. Bxc4 Rc8 15. Rc1 Be7 16. O-O O-O {[%emt 0:00:27] Black is more active.} 17. Bd3 (17. Qd3
$17 {was called for.}) 17... Qd7 18. Rxc8 (
18. Rfd1 {keeps fighting.}) 18... Rxc8 $19 19. Rc1 Rxc1+ 20. Qxc1 Bb5 21. Qd1 {[%emt 0:08:41] White does not recover from this.} (21. Bc4 $17) 21...
Bxd3 22. Qxd3 Qa4 23. Qd1 (23. Nd2 $142 Bxa3 24. Bxa3 Qxa3 25. Qxb3 Qa1+ 26. Nf1) 23...
Qc4 {[%emt 0:06:28] Black is clearly winning.} 24. Nd2 Qd3 {
[%emt 0:00:09] [#] Threatens to win with ...Bg5.} 25. Qc1 h6 {
[%emt 0:00:51] White must now prevent ...Bg5.} 26. Nf3 b5 27. Qd2 Qb1+ 28. Qc1 Qxc1+ 29. Bxc1 Nc3 {[%emt 0:
00:05] Hoping for ...Ne2+.} 30. Kf1 {[%emt 0:01:26] Prevents Ne2.} Na4 {
[%emt 0:00:17] Weighted Error Value: White=0.67/Black=0.21 (precise)} 0-1

[Event "44th Chess Olympiad Women 2022"]
[Site "Chennai"]
[Date "2022.08.03"]
[Round "6.20"]
[White "Tokhirjonova, Gulrukhbegim"]
[Black "Varela La Madrid, Tilsia Carolina"]
[Result "1-0"]
[WhiteElo "2329"]
[BlackElo "2079"]
[Annotator "TA"]
[PlyCount "99"]
[EventDate "2022.??.??"]
[TimeControl "60"]

1. e4 e5 2. d4 exd4 3.
Qxd4 Nc6 4. Qc4 Nf6 5. Nc3 Bb4 6. Bd2 {[%emt 0:
00:00] C22: Centre Game.} d6 7. O-O-O Be6 8. Qe2 {[%emt 0:02:57] The position is equal.} Qe7 9. a3 Ba5 10. f3 O-O-O 11. g4 {[%emt 0:02:59][%cal Yg2g4,Yg4g5] [#]} Kb8 $146 (11... d5 $5 12. g5 Bxc3 13. Bxc3 Nh5 $15) ({
Predecessor:} 11... h6 12. Nh3 Nd4 13. Qf2 Bb6 14. Be3 Nxf3 15. Bxb6 axb6 16.
Qxf3 Bxg4 17. Qd3 Bxd1 18. Qxd1 {1-0 (79) Xu,X (2441)-Xiang,Z (2313) Shenyang
2019}) 12. Nh3 h5 (12... h6 $15) 13. g5 $11 Nd7 14. b4 Nd4 15. Qf2 (15. Qg2 $11) 15... Bb6 $15 16. Be3 c5 (16... Nc6 $15) 17. Nf4
$14 Nc6 18. b5 $36 {[%emt 0:10:35] White
fights for an advantage.} Na5 19. Ncd5 Qe8 (19... Bxd5 $16 {might work better.} 20. Nxd5 (20. Rxd5 Qe8 $14
) 20... Qe5) 20. Bd2 $1 $18 Ne5 21. Bc3 Nac4 22. a4 (22. Bxc4 $18 {
is more deadly.} Nxc4 23. a4 (23. Bxg7 Rg8 $11)) 22... Ba5 $16 23. Bxa5 Nxa5 24. Qe1 Nac4 25. Qc3 Nb6 (25... Bxd5 $142
26. Nxd5 Nb6) 26. Nxb6 {[%emt 0:03:48] White is more active.} axb6 27. Nd5 (27. a5 $1 $16 ) 27... Bxd5 $14 28. Rxd5 Qe7 29. Rg1 f6 {[%emt 0:03:35] [#]} (29... f5 $11) 30. h4 ({White should try} 30. a5 $1 $16 ) 30... Rhf8 {[%emt 0:00:00]
aiming for ...fxg5.} 31. Be2 Ng6 32. gxf6 Rxf6 (32... Qxf6 $11 33. Qxf6 Rxf6) 33. Bd1 (33. Rxh5 $2 Nf4 34. Bc4 Nxh5 $19) ({Better is} 33. Rdg5 $16
Nf4 34. Bc4) 33... Nf4 $15 34. Rf5 (34. Rdg5
$17) 34... Rdf8 (34... Rxf5 $19 35. exf5 Qxh4 36. Qxg7 Nh3)
35. Rxf6 Rxf6 36. a5 Kc7 (36... Ka7 $5 ) 37. Rg5 g6 38. e5 (38. Qa1 $11) 38...
Rf5 (38... Re6 $17 39. exd6+ Qxd6 40. Qg7+ Re7)
39. Rxf5 gxf5 40. exd6+ Qxd6
$11 {[%emt 0:01:13] Endgame KQB-KQN} 41. Qg7+ Kb8 42. axb6 Qxb6 43. Qf8+ Ka7 44. Qxf5 Qd6 45. c3 Kb6 46. Bc2 Kxb5 47. Be4 b6 ({Don't do} 47... Ne2+ 48.
Kc2 Ng3 49. Qf7 Nxe4 50. Qxb7+ (50. fxe4 Qc6 $11) 50... Ka5 51. Qa7+ (51. Qxe4
Qf6 $16) (51. fxe4 Qf4 $16) 51... Kb5 52. Qb7+ (52. fxe4 Qh2+ 53. Kb1 Qh1+ 54.
Kb2 Qg2+ 55. Kb3 Qxe4 $11) 52... Ka5 53. fxe4 $16 (53. Qxe4 Qf6 $16)) 48. Kc2 Qc7 $2 {[%emt 0:03:04] [#]} (48... Ng2 $11 49. Bd3+ (49. Qxh5 {
gets mated.} Ne3+ 50. Kb2 Qd2+ 51. Kb3 Qd1+ 52. Ka2 Qa4+ 53. Kb1 Qb3+ 54. Ka1
Qxc3+ 55. Kb1 Nc4 56. Qe8+ Kb4) 49... Ka5) 49. Qf8 $1 $18 {[%emt 0:00:00] Qe8+
would kill now.} c4 50. Qb4+ {[%emt 0:00:00] Weighted Error
Value: White=0.25 (precise) / Black=0.41} 1-0

[Event "44th Chess Olympiad Women 2022"]
[Site "Chennai"]
[Date "2022.08.03"]
[Round "6.20"]
[White "Yip, Carissa"]
[Black "Rovira Contreras, Tairu Manuela"]
[Result "1-0"]
[WhiteElo "2416"]
[BlackElo "2036"]
[Annotator "TA"]
[PlyCount "55"]
[EventDate "2022.??.??"]
[TimeControl "60"]

1. e4 e5 2. d4 exd4 3. Qxd4 Nc6 4. Qc4 Nf6 5. Nc3 Bb4 6. Bd2 {[%emt 0:00:41] C22: Centre Game.} O-O {
[%emt 0:00:41] White must now prevent ...Bxc3.} 7. O-O-O Re8 8. f3 {[%emt 0:00:59] The position is equal.} a6 9. g4 b5 10. Qe2 {
[%emt 0:01:27] [#]} Bb7 $146 ({Predecessor:} 10... d5 11. g5
Bxc3 12. Bxc3 Nh5 13. Qg2 b4 14. Bd2 Qd6 15. Ne2 Be6 16. Ng3 Nf4 {0-1 (44)
Kosakowski,J (2418)-Grabarczyk,M (2368) Warsaw 2020}) 11. Qf2 (11. g5 $5 Nh5 12. Nh3 $11) 11... Ne5 12. g5 Bxc3 13. Bxc3 Nxe4 14. fxe4 $16 Bxe4 {[%emt 0:00:16] [#]}
15. Bxe5 $1 {[%emt 0:05:24][%cal Ye5f6] Strongly threatening Bf6!} Bxh1 16. Qg3 {[%emt 0:01:40] White is much more active.} d6 17. Bc3 {[%emt 0:02:58] White has compensation.} Be4 (17... Qe7 $14) 18. Ne2 (18. Nh3 $16) 18... Qc8 (18... a5 $14) 19. Nf4 {[%emt 0:00:49] aiming for Nh5.} Bg6 {
[%emt 0:02:56] Prevents Nh5.} (19... Qb7 $16 {might work better.}) 20. h4 $18 {
[%emt 0:02:21][%cal Yh2h4,Yh4h5] Hoping for h5.} Rb8 $2 (20...
Qf5 21. Nxg6 hxg6) 21. Bh3 $2 {[%emt 0:02:41] A strong pair of Bishops.} (21.
h5 $18 {and the rest is easy.} Bf5 22. g6) 21... Qb7 $2 (21...
Bf5 $16 {was necessary.}) 22. h5 Be4 (22...
b4) 23. g6 f6 24. Be6+ Rxe6 25. Nxe6 h6 26. Qf4 {
[%emt 0:01:17][%cal Ye6g7] White threatens Nxg7! and mate.} c5 27. Qxd6 Re8 28. Nxc5 {[%emt 0:00:22]
Weighted Error Value: White=0.50/Black=1.04} (28. Nc7 $142 Bxg6 29. hxg6 Rf8 {
[#]} 30. Bxf6 $1 Qc8 31. Be7 Qh3 32. Bxf8 Kh8 33. Qd8 Qe3+ 34. Kb1 Qf4 35.
Bxc5+ Qf8 36. Qxf8#) 1-0

[Event "44th Chess Olympiad Women 2022"]
[Site "Chennai"]
[Date "2022.08.03"]
[Round "6.21"]
[White "Cassi, Elisa"]
[Black "Avelino, Camila Biscaya"]
[Result "1-0"]
[WhiteElo "1922"]
[BlackElo "1863"]
[Annotator "NA RC"]
[PlyCount "67"]
[EventDate "2022.??.??"]
[TimeControl "60"]

1. e4 e5 2. Nf3 Nc6 3. Nc3 Nf6 4. h3 h6 5. d4 exd4 6. Nxd4 Bb4 7. Nxc6 bxc6 8. Bd3 d5 9. e5 Nd7 10. Qg4 Bxc3+ 11. bxc3 Qe7 12. O-O Qxe5 13. Ba3 Nb6 14. Qb4 Qd6 15. Rae1+ Be6 16. Qa5 Qd8 17. f4 g6 18. f5 gxf5 19. Bxf5 Kd7 20. Bxe6+ fxe6 21. Rf7+ Kc8 22. Qa6+ Kb8 23. Rxe6 Qc8 24. Qe2 Kb7 25. Bd6 Nd7 26. Ree7 cxd6 27. Rxd7+ Kb6 28. Qe3+ c5 29. Rxd6+ Ka5 30. c4 dxc4 31. Qa3+ Kb5 32. Rf1 c3 33. Rb1+ Kc4 34. Qb3# 1-0